[Event "ESP-chT 1st Division 2020"]
[Site "Padron"]
[Date "2020.10.09"]
[Round "7.11"]
[White "Korneev Leskova, Svyatoslav"]
[Black "Martinez Ramirez, Erik"]
[Result "1/2-1/2"]
[ECO "A16"]
[WhiteElo "2170"]
[BlackElo "2231"]
[Annotator "ChessBase"]
[PlyCount "126"]
[EventDate "2020.10.01"]
[EventType "team-tourn"]
[EventCountry "ESP"]
[SourceTitle "playchess.com"]
[Source "ChessBase"]
[SourceQuality "1"]
[TimeControl "5400+30"]

1. c4 Nf6 2. g3 g6 3. Bg2 d5 4. cxd5 Nxd5 5. Nc3 Nb6 6. d3 Bg7 7. Be3 O-O 8. h4 Nc6 9. h5 Nd4 10. hxg6 hxg6 11. Bh6 Bxh6 12. Rxh6 Kg7 13. Rh4 Rh8 14. Rxh8 Qxh8 15. Nf3 Bh3 16. Nxd4 Bxg2 17. Kd2 c5 18. Nc2 Bc6 19. Ne3 c4 20. Kc2 cxd3+ 21. exd3 Rd8 22. Qe2 Kg8 23. Rd1 Qd4 24. Kb1 Na4 25. Nxa4 Bxa4 26. Nc2 Qf6 27. b3 Bc6 28. Qe3 a5 29. f4 a4 30. Qe5 axb3 31. axb3 Qxe5 32. fxe5 Be4 33. Ne1 Rd4 34. Rd2 e6 35. Kb2 Bc6 36. Re2 Kg7 37. Re3 g5 38. Kc3 Rd8 39. d4 Kg6 40. Nd3 Kf5 41. Nf2 Rh8 42. Nd1 Rh1 43. Rd3 Rg1 44. Ne3+ Ke4 45. Nc4 Rc1+ 46. Kd2 Rd1+ 47. Kxd1 Kxd3 48. Nd6 Kxd4 49. Nxf7 g4 50. Kd2 Bd5 51. Nh6 Bxb3 52. Nxg4 Bd5 53. Nf2 Kxe5 54. Ke3 Bc4 55. Ng4+ Kf5 56. Nh6+ Kg5 57. Nf7+ Kf6 58. Nd6 Bd5 59. Kd4 Kg5 60. Ke5 b6 61. Nb5 Bc4 62. Nc7 b5 63. Nxb5 Bxb5 1/2-1/2

[Event "ESP-chT 1st Division 2020"]
[Site "Padron"]
[Date "2020.10.09"]
[Round "7.12"]
[White "Castillo Escario, Yolanda"]
[Black "San Juan Morigosa, Isaura"]
[Result "1-0"]
[ECO "B06"]
[WhiteElo "2006"]
[BlackElo "1766"]
[Annotator "ChessBase"]
[PlyCount "37"]
[EventDate "2020.10.01"]
[EventType "team-tourn"]
[EventCountry "ESP"]
[SourceTitle "playchess.com"]
[Source "ChessBase"]
[SourceQuality "1"]
[TimeControl "5400+30"]

1. e4 g6 2. d4 Bg7 3. c3 a6 4. f4 d6 5. Nf3 b5 6. a4 c6 7. axb5 Qb6 8. bxc6 Nxc6 9. Nbd2 Nf6 10. Nc4 Qc7 11. Bd3 O-O 12. O-O Bb7 13. Qe1 Rfb8 14. f5 d5 15. exd5 Nxd5 16. fxg6 hxg6 17. Ng5 Bf6 18. Qh4 Bxg5 19. Qxg5 1-0

[Event "ESP-chT 1st Division 2020"]
[Site "Padron"]
[Date "2020.10.09"]
[Round "7.13"]
[White "Ladron De Guevara Pinto, Paolo"]
[Black "Salgado Lopez, Ivan"]
[Result "1/2-1/2"]
[ECO "D45"]
[WhiteElo "2433"]
[BlackElo "2595"]
[Annotator "ChessBase"]
[PlyCount "61"]
[EventDate "2020.10.01"]
[EventType "team-tourn"]
[EventCountry "ESP"]
[SourceTitle "playchess.com"]
[Source "ChessBase"]
[SourceQuality "1"]
[TimeControl "5400+30"]

1. d4 Nf6 2. c4 c6 3. Nc3 d5 4. e3 e6 5. Nf3 Nbd7 6. Qc2 Bd6 7. b3 O-O 8. Be2 b6 9. O-O Bb7 10. Bb2 Qe7 11. Rfe1 Rfe8 12. Rad1 Bb4 13. Bf1 h6 14. Nd2 e5 15. dxe5 Nxe5 16. h3 a6 17. Qc1 Rad8 18. a3 Bd6 19. cxd5 cxd5 20. Qa1 Bb8 21. Ncb1 b5 22. Bd4 Ne4 23. f4 Nd7 24. Nxe4 dxe4 25. a4 b4 26. Nd2 f6 27. Rc1 Kh8 28. Rc2 Nf8 29. Bc5 Qc7 30. Rec1 Qa5 31. Bd4 1/2-1/2

[Event "ESP-chT 1st Division 2020"]
[Site "Padron"]
[Date "2020.10.09"]
[Round "7.14"]
[White "Brunello, Sabino"]
[Black "Alshameary Puente, Ismael"]
[Result "0-1"]
[ECO "D31"]
[WhiteElo "2539"]
[BlackElo "2373"]
[Annotator "ChessBase"]
[PlyCount "72"]
[EventDate "2020.10.01"]
[EventType "team-tourn"]
[EventCountry "ESP"]
[SourceTitle "playchess.com"]
[Source "ChessBase"]
[SourceQuality "1"]
[TimeControl "5400+30"]

1. d4 d5 2. c4 e6 3. Nc3 c6 4. e3 Bd6 5. Qc2 f5 6. Bd3 Nf6 7. f3 O-O 8. Nge2 Na6 9. a3 dxc4 10. Bxc4 b5 11. Ba2 Kh8 12. O-O Qe8 13. Bd2 Rb8 14. e4 e5 15. dxe5 Qxe5 16. Bf4 Qc5+ 17. Kh1 Bxf4 18. Nxf4 fxe4 19. fxe4 Bd7 20. Rad1 b4 21. Nd3 Qh5 22. Ne2 Ng4 23. h3 Rxf1+ 24. Rxf1 Ne3 25. Nef4 Qe8 26. Qf2 Nxf1 27. Qxf1 bxa3 28. bxa3 Qxe4 29. Qf2 c5 30. Qg3 Rf8 31. Nh5 Qg6 32. Qe5 Re8 33. Nhf4 Qf6 34. Qd5 Bc6 35. Qc4 g5 36. Nd5 Qd4 0-1

[Event "ESP-chT 1st Division 2020"]
[Site "Padron"]
[Date "2020.10.09"]
[Round "7.15"]
[White "Garrido Outon, Alex"]
[Black "Larino Nieto, David"]
[Result "1/2-1/2"]
[ECO "B12"]
[WhiteElo "2366"]
[BlackElo "2477"]
[Annotator "ChessBase"]
[PlyCount "162"]
[EventDate "2020.10.01"]
[EventType "team-tourn"]
[EventCountry "ESP"]
[SourceTitle "playchess.com"]
[Source "ChessBase"]
[SourceQuality "1"]
[TimeControl "5400+30"]

1. e4 c6 2. d4 d5 3. e5 g6 4. Nc3 Nh6 5. Be3 Nf5 6. Qd2 Nxe3 7. Qxe3 Bf5 8. Bd3 Bxd3 9. Qxd3 e6 10. Nf3 c5 11. dxc5 Bxc5 12. O-O Nc6 13. Rad1 O-O 14. a3 a6 15. Na4 Be7 16. c4 dxc4 17. Qxc4 Qa5 18. Qf4 Rfd8 19. Nc3 Rxd1 20. Rxd1 Rd8 21. Rxd8+ Qxd8 22. h4 Qd3 23. Qe4 Qxe4 24. Nxe4 h5 25. Kh2 Bd8 26. Kg3 b5 27. Nc5 a5 28. Nd3 Bc7 29. Kf4 a4 30. Ke4 Bb6 31. Nd2 Kf8 32. b3 Ba5 33. b4 Bb6 34. Nb1 Bd4 35. f4 Ke8 36. Ne1 Kd7 37. Kd3 Ba1 38. Nc3 Bxc3 39. Kxc3 Ne7 40. Kd3 Nd5 41. g3 Ne7 42. Nc2 Nf5 43. Nd4 Nxg3 44. Nxb5 Nf5 45. Nc3 Nxh4 46. Nxa4 Ng2 47. Ke4 Ne1 48. Nc5+ Kc6 49. Nd3 Nc2 50. a4 Kb6 51. Kf3 Nd4+ 52. Ke4 Ne2 53. Nc5 Nc3+ 54. Kf3 Nd5 55. Nd3 Ne7 56. Nb2 Nd5 57. Nc4+ Kc6 58. b5+ Kc5 59. Nd6 f5 60. a5 h4 61. a6 Kb6 62. Nc8+ Kxb5 63. a7 Nc7 64. Nd6+ Kb6 65. Ne8 Na8 66. Ng7 Kxa7 67. Nxe6 Kb7 68. Nf8 Kc6 69. Nxg6 Kd5 70. Nxh4 Ke6 71. Kg3 Nc7 72. Ng6 Nd5 73. Kf3 Nb4 74. Nf8+ Ke7 75. Nh7 Nd5 76. Ng5 Nb4 77. Kg3 Nd3 78. Nf3 Ke6 79. Nd4+ Kd5 80. Nxf5 Nxe5 81. fxe5 Kxe5 1/2-1/2

[Event "ESP-chT 1st Division 2020"]
[Site "Padron"]
[Date "2020.10.09"]
[Round "7.16"]
[White "Gomez Dieguez, David"]
[Black "Herrera Delgado, Alejandro"]
[Result "1-0"]
[ECO "B35"]
[WhiteElo "2261"]
[BlackElo "2280"]
[Annotator "ChessBase"]
[PlyCount "91"]
[EventDate "2020.10.01"]
[EventType "team-tourn"]
[EventCountry "ESP"]
[SourceTitle "playchess.com"]
[Source "ChessBase"]
[SourceQuality "1"]
[TimeControl "5400+30"]

1. e4 c5 2. Nc3 Nc6 3. Nge2 g6 4. d4 cxd4 5. Nxd4 Bg7 6. Be3 Nf6 7. Bc4 O-O 8. Bb3 d6 9. f3 Bd7 10. h4 Rc8 11. Qd2 Nxd4 12. Bxd4 b5 13. h5 b4 14. Nd5 Nxd5 15. Bxd5 Rxc2 16. Qxc2 Bxd4 17. hxg6 hxg6 18. O-O-O Bg7 19. g4 Qb8 20. Qh2 Rd8 21. f4 Bxg4 22. Rdg1 Kf8 23. f5 gxf5 24. Kb1 e6 25. Bb3 d5 26. Qxb8 Rxb8 27. exd5 exd5 28. Bd1 Bxd1 29. Rxd1 d4 30. Rh5 Rb5 31. Rf1 Be5 32. Rfxf5 f6 33. Rxf6+ Bxf6 34. Rxb5 Ke7 35. Rxb4 Kd6 36. Ra4 Kc5 37. Rxa7 Kb6 38. Rf7 Be5 39. b3 Bh8 40. Kc2 Kc5 41. Kd3 Kb4 42. Rd7 Ka3 43. Rxd4 Kxa2 44. b4 Kb3 45. b5 Bxd4 46. Kxd4 1-0

[Event "ESP-chT 1st Division 2020"]
[Site "Padron"]
[Date "2020.10.09"]
[Round "7.17"]
[White "Perera Borrego, Maria Adela"]
[Black "Hernandez Estevez, Yudania"]
[Result "0-1"]
[ECO "D11"]
[WhiteElo "2221"]
[BlackElo "2197"]
[Annotator "ChessBase"]
[PlyCount "150"]
[EventDate "2020.10.01"]
[EventType "team-tourn"]
[EventCountry "ESP"]
[SourceTitle "playchess.com"]
[Source "ChessBase"]
[SourceQuality "1"]
[TimeControl "5400+30"]

1. d4 d5 2. c4 c6 3. Nf3 Nf6 4. Qc2 a6 5. Nbd2 g6 6. e3 Bg7 7. Bd3 O-O 8. O-O a5 9. b3 a4 10. b4 Nbd7 11. h3 Ne8 12. Bb2 Nd6 13. a3 dxc4 14. Nxc4 Nxc4 15. Bxc4 Qc7 16. Be2 Qb8 17. Rfd1 Nf6 18. Ne5 Be6 19. Bc4 Bd5 20. Rac1 Rd8 21. Nd3 e6 22. Nc5 Qa7 23. Re1 b6 24. Nd3 b5 25. Bxd5 cxd5 26. Qc6 Rab8 27. Ne5 Qb7 28. f3 Ne8 29. Qxb7 Rxb7 30. Rc6 Nd6 31. Bc1 Bxe5 32. dxe5 Nc4 33. f4 Kf8 34. Rd1 Ke7 35. Rd3 Kd7 36. Rc5 Rc8 37. Rxc8 Kxc8 38. Bd2 Rc7 39. Be1 Kb7 40. Bh4 Nb2 41. Rd2 Rc1+ 42. Kf2 Nc4 43. Rd3 Ra1 44. e4 Rxa3 45. Rd1 Ra2+ 46. Kf3 Nd2+ 47. Ke3 Nxe4 48. Rc1 Ra3+ 49. Kd4 Nd2 50. Rc2 Nb3+ 51. Kd3 Na5+ 52. Kd4 Nc4 53. Kc5 Ra1 54. Be7 Rb1 55. Ra2 Ka6 56. g4 a3 57. f5 Rb2 58. Ra1 gxf5 59. gxf5 a2 60. Bg5 Na3 61. Bc1 Rc2+ 62. Kd6 Nc4+ 63. Ke7 exf5 64. Bf4 Rf2 65. Bg3 Rg2 66. Bf4 Rf2 67. Bg3 Re2 68. Kf6 Kb7 69. h4 d4 70. Kxf7 f4 71. Be1 Nxe5+ 72. Kg7 h5 73. Kh6 Nf3 74. Kxh5 Nxe1 75. Kg6 f3 0-1

[Event "ESP-chT 1st Division 2020"]
[Site "Padron"]
[Date "2020.10.09"]
[Round "7.18"]
[White "Gomez Carreno, Martin"]
[Black "Chacon Perez, Juan"]
[Result "1-0"]
[ECO "B23"]
[WhiteElo "2051"]
[BlackElo "2141"]
[Annotator "ChessBase"]
[PlyCount "57"]
[EventDate "2020.10.01"]
[EventType "team-tourn"]
[EventCountry "ESP"]
[SourceTitle "playchess.com"]
[Source "ChessBase"]
[SourceQuality "1"]
[TimeControl "5400+30"]

1. e4 c5 2. Nc3 d6 3. d4 cxd4 4. Qxd4 Bd7 5. b3 Nc6 6. Qd2 g6 7. Bb2 Bg7 8. O-O-O Nf6 9. Nd5 Nh5 10. Be2 Bxb2+ 11. Kxb2 Ng7 12. h4 h5 13. Nh3 Rc8 14. Ng5 Qa5 15. Qxa5 Nxa5 16. Rhe1 f6 17. Nf3 Kf7 18. Nf4 Bg4 19. Rd5 Nc6 20. Bc4 Ne6 21. Rb5 b6 22. Bd5 Rc7 23. c3 Rb8 24. Nh2 g5 25. hxg5 fxg5 26. Nxg4 gxf4 27. e5 hxg4 28. exd6 Ncd8 29. dxc7 1-0

[Event "ESP-chT 1st Division 2020"]
[Site "Padron"]
[Date "2020.10.09"]
[Round "7.19"]
[White "Espinosa Aranda, Angel"]
[Black "Del Rio De Angelis, Salvador G."]
[Result "1/2-1/2"]
[ECO "B01"]
[WhiteElo "2502"]
[BlackElo "2508"]
[Annotator "ChessBase"]
[PlyCount "44"]
[EventDate "2020.10.01"]
[EventType "team-tourn"]
[EventCountry "ESP"]
[SourceTitle "playchess.com"]
[Source "ChessBase"]
[SourceQuality "1"]
[TimeControl "5400+30"]

1. e4 d5 2. exd5 Nf6 3. Nf3 Nxd5 4. d4 g6 5. c4 Nb6 6. Nc3 Bg7 7. c5 Nd5 8. Bc4 c6 9. Qb3 O-O 10. Nxd5 cxd5 11. Bxd5 Nc6 12. Bxc6 bxc6 13. O-O Be6 14. Qc3 Bd5 15. Ne5 a5 16. Be3 Qc8 17. Nc4 Bxg2 18. Kxg2 Qg4+ 19. Kh1 Qf3+ 20. Kg1 Qg4+ 21. Kh1 Qf3+ 22. Kg1 Qg4+ 1/2-1/2

[Event "ESP-chT 1st Division 2020"]
[Site "Padron"]
[Date "2020.10.09"]
[Round "7.20"]
[White "Demuth, Adrien"]
[Black "Plazuelo Pascual, Juan"]
[Result "1/2-1/2"]
[ECO "D00"]
[WhiteElo "2488"]
[BlackElo "2474"]
[Annotator "ChessBase"]
[PlyCount "35"]
[EventDate "2020.10.01"]
[EventType "team-tourn"]
[EventCountry "ESP"]
[SourceTitle "playchess.com"]
[Source "ChessBase"]
[SourceQuality "1"]
[TimeControl "5400+30"]

1. d4 d5 2. Bf4 c5 3. e3 cxd4 4. exd4 Nc6 5. c3 f6 6. Nf3 Bf5 7. Bd3 Bxd3 8. Qxd3 e6 9. O-O Bd6 10. Qe3 Bxf4 11. Qxf4 Nge7 12. Re1 Qd7 13. Nbd2 O-O 14. Qe3 Kf7 15. Qd3 Kg8 16. Qe3 Kf7 17. Qd3 Kg8 18. Qe3 1/2-1/2

[Event "ESP-chT 1st Division 2020"]
[Site "Padron"]
[Date "2020.10.09"]
[Round "7.21"]
[White "Almagro Llamas, Pablo"]
[Black "Narciso Dublan, Marc"]
[Result "1/2-1/2"]
[ECO "D12"]
[WhiteElo "2429"]
[BlackElo "2477"]
[Annotator "ChessBase"]
[PlyCount "88"]
[EventDate "2020.10.01"]
[EventType "team-tourn"]
[EventCountry "ESP"]
[SourceTitle "playchess.com"]
[Source "ChessBase"]
[SourceQuality "1"]
[TimeControl "5400+30"]

1. d4 d5 2. c4 c6 3. Nf3 Nf6 4. e3 Bf5 5. Nc3 e6 6. Bd3 Bg6 7. O-O Nbd7 8. b3 Bb4 9. Bb2 Bh5 10. Ne2 Bxf3 11. gxf3 O-O 12. Kh1 Re8 13. Rg1 Bf8 14. f4 g6 15. c5 b6 16. b4 Qc7 17. Qc2 Bg7 18. Bc3 Ne4 19. Bxe4 dxe4 20. Qxe4 Nf6 21. Qc2 Nd5 22. Bd2 Red8 23. Nc1 bxc5 24. bxc5 Ne7 25. Nd3 Rab8 26. Rab1 Rxb1 27. Rxb1 Rb8 28. Rxb8+ Qxb8 29. Qb3 Qd8 30. Kg2 Nf5 31. Kf1 h5 32. h3 Qc8 33. Ke2 Qa6 34. Kd1 Kh7 35. Be1 Nh4 36. Ke2 Nf5 37. Kd1 Nh4 38. Ke2 Nf5 39. Bc3 Bf6 40. f3 Ng3+ 41. Kd2 Nf1+ 42. Ke2 Ng3+ 43. Kd2 Nf1+ 44. Ke2 Ng3+ 1/2-1/2

[Event "ESP-chT 1st Division 2020"]
[Site "Padron"]
[Date "2020.10.09"]
[Round "7.22"]
[White "Suarez Garcia, Carlos"]
[Black "Martinez Martin, David"]
[Result "1-0"]
[ECO "A04"]
[WhiteElo "2439"]
[BlackElo "2389"]
[Annotator "ChessBase"]
[PlyCount "235"]
[EventDate "2020.10.01"]
[EventType "team-tourn"]
[EventCountry "ESP"]
[SourceTitle "playchess.com"]
[Source "ChessBase"]
[SourceQuality "1"]
[TimeControl "5400+30"]

1. Nf3 c5 2. b3 d6 3. d4 cxd4 4. Nxd4 Nc6 5. Bb2 Nf6 6. g3 Qa5+ 7. Nd2 Nxd4 8. Bxd4 e5 9. Bb2 Qd5 10. Nf3 Qxd1+ 11. Rxd1 Bf5 12. c4 a5 13. Bg2 a4 14. Ra1 axb3 15. axb3 Rxa1+ 16. Bxa1 Be4 17. O-O Be7 18. Bc3 Bc6 19. Bb4 Ne4 20. Ra1 Kd7 21. Nd2 Nxd2 22. Bxd2 Bxg2 23. Kxg2 b5 24. e4 bxc4 25. bxc4 Rb8 26. Ra7+ Ke6 27. Ra6 Rc8 28. Ra4 g6 29. Kf3 f5 30. Be3 Rc6 31. h3 h5 32. Rb4 h4 33. Ra4 Rc8 34. Rb4 Rh8 35. exf5+ gxf5 36. g4 f4 37. Ba7 Ra8 38. Rb7 Rc8 39. Rb4 Rc6 40. Bb6 d5 41. cxd5+ Kxd5 42. Rb5+ Ke6 43. Ba7 Rc3+ 44. Ke4 Rc4+ 45. Kd3 Ra4 46. Bb8 e4+ 47. Ke2 Ra2+ 48. Ke1 Ra1+ 49. Ke2 Ra2+ 50. Ke1 Ra1+ 51. Ke2 f3+ 52. Ke3 Re1+ 53. Kf4 Bf6 54. Rb6+ Kf7 55. Rb4 Rh1 56. g5 e3 57. Kxe3 Bxg5+ 58. Kxf3 Be7 59. Rf4+ Kg6 60. Kg2 Rb1 61. Ba7 Bg5 62. Ra4 Rb3 63. Ra6+ Kf5 64. Ra5+ Kg6 65. Bd4 Rd3 66. Be5 Be7 67. Bf4 Bf6 68. Be3 Rd1 69. Rb5 Re1 70. Rb4 Kf5 71. Kf3 Rh1 72. Rb5+ Kg6 73. Ra5 Rg1 74. Rd5 Rh1 75. Kg2 Rb1 76. Rd6 Kf5 77. Bd4 Bxd4 78. Rxd4 Kg5 79. Rd5+ Kg6 80. Kf3 Rb3+ 81. Kg4 Rb2 82. Rg5+ Kf6 83. Rf5+ Kg6 84. Rf4 Rb1 85. Kxh4 Rf1 86. Kg3 Rg1+ 87. Kf3 Ra1 88. Rb4 Rh1 89. Kg3 Rg1+ 90. Kf4 Rf1 91. Rb6+ Kg7 92. Kg3 Rg1+ 93. Kh2 Ra1 94. Kg2 Ra4 95. Kg3 Ra1 96. f4 Rg1+ 97. Kf3 Rh1 98. Kg4 Rg1+ 99. Kf5 Rh1 100. Rb7+ Kh6 101. Rb3 Kg7 102. Rd3 Rh2 103. Rg3+ Kf7 104. Re3 Rh1 105. Ke5 Ra1 106. Rd3 Ra5+ 107. Rd5 Ra3 108. Rd7+ Kg6 109. f5+ Kh6 110. h4 Rh3 111. Rd8 Kg7 112. Rd7+ Kg8 113. Ke6 Rxh4 114. Rd8+ Kh7 115. f6 Re4+ 116. Kf5 Re1 117. f7 Rf1+ 118. Ke4 1-0

[Event "ESP-chT 1st Division 2020"]
[Site "Padron"]
[Date "2020.10.09"]
[Round "7.23"]
[White "Aguilera Lopez, Alejandro"]
[Black "Travadon, Loic"]
[Result "0-1"]
[ECO "A40"]
[WhiteElo "2241"]
[BlackElo "2424"]
[Annotator "ChessBase"]
[PlyCount "110"]
[EventDate "2020.10.01"]
[EventType "team-tourn"]
[EventCountry "ESP"]
[SourceTitle "playchess.com"]
[Source "ChessBase"]
[SourceQuality "1"]
[TimeControl "5400+30"]

1. d4 g6 2. Nf3 Bg7 3. Bf4 d6 4. e3 Nd7 5. h3 e5 6. dxe5 dxe5 7. Bg5 Ne7 8. Nc3 f6 9. Bh4 Nf5 10. e4 Nxh4 11. Nxh4 O-O 12. Bc4+ Kh8 13. Qe2 c6 14. Rd1 Qe7 15. O-O b5 16. Bb3 Nc5 17. a4 b4 18. Nb1 f5 19. Nf3 Nxe4 20. Rfe1 a5 21. Nbd2 Nxd2 22. Qxd2 e4 23. Nd4 Bd7 24. c3 bxc3 25. bxc3 Rab8 26. Bc4 Rfd8 27. Qc2 c5 28. Nb5 Bc6 29. Bf1 Be5 30. Rxd8+ Rxd8 31. Rd1 Rxd1 32. Qxd1 f4 33. Qg4 Kg7 34. Qc8 Bb7 35. Qg4 f3 36. h4 h5 37. Qg5 Qxg5 38. hxg5 Bd5 39. c4 Bc6 40. gxf3 exf3 41. Bd3 Bf4 42. Bc2 Bxg5 43. Nd6 Be7 44. Ne4 g5 45. Kh2 Bxe4 46. Bxe4 g4 47. Kg3 Kf6 48. Bc6 Kg5 49. Kh2 Bf6 50. Kg1 Bd4 51. Kf1 Kf4 52. Bd7 h4 53. Kg1 h3 54. Bc8 Bxf2+ 55. Kh1 Bd4 0-1

[Event "ESP-chT 1st Division 2020"]
[Site "Padron"]
[Date "2020.10.09"]
[Round "7.24"]
[White "Ambartsumova, Karina"]
[Black "Rodrigo Yanguas, Maria"]
[Result "1/2-1/2"]
[ECO "A05"]
[WhiteElo "2371"]
[BlackElo "2077"]
[Annotator "ChessBase"]
[PlyCount "90"]
[EventDate "2020.10.01"]
[EventType "team-tourn"]
[EventCountry "ESP"]
[SourceTitle "playchess.com"]
[Source "ChessBase"]
[SourceQuality "1"]
[TimeControl "5400+30"]

1. Nf3 Nf6 2. g3 g6 3. d4 Bg7 4. Bg2 O-O 5. O-O d6 6. b3 c5 7. c4 Nc6 8. Bb2 Bg4 9. d5 Na5 10. Re1 a6 11. e4 b5 12. cxb5 axb5 13. Qc2 Bxf3 14. Bxf3 Nd7 15. Bxg7 Kxg7 16. Nc3 b4 17. Nd1 Nb7 18. Ne3 Nb6 19. e5 Ra5 20. Qb2 Kg8 21. Ng4 h5 22. exd6 Qxd6 23. Ne5 Qf6 24. Qe2 Nd8 25. Rac1 Qd6 26. Red1 e6 27. dxe6 Qxe6 28. Rd2 Re8 29. Rcd1 Qxe5 30. Qxe5 Rxe5 31. Rxd8+ Kg7 32. Rb8 Re6 33. Rd2 c4 34. bxc4 Nxc4 35. Rc2 Ne5 36. Bg2 Nd3 37. Bf1 Ne1 38. Rb2 Nf3+ 39. Kg2 Ne1+ 40. Kg1 Re4 41. f4 h4 42. Bg2 Nxg2 43. Kxg2 hxg3 44. hxg3 Ra3 45. R8xb4 Rxb4 1/2-1/2